[Event "*** Titled Tuesday Blitz"]
[Site "Chess.com"]
[Date "2019.08.06"]
[Round "4"]
[White "S-Fazulyanov"]
[Black "Tiqr777"]
[Result "0-1"]
[WhiteElo "2477"]
[BlackElo "2565"]
[TimeControl "180+2"]
[EndTime "13:48:33 PDT"]
[Termination "Tiqr777 won by resignation"]

1. e4 c5 2. Nf3 a6 3. c3 d6 4. d4 cxd4 5. cxd4 g6 6. Nc3 Bg7 7. Bg5 Nf6 8. Qd2 O-O 9. Bd3 Nc6 10. h3 e5 11. d5 Ne7 12. O-O Nd7 13. Bh6 f5 14. Bxg7 Kxg7 15. Ng5 Nc5 16. f4 h6 17.
Ne6+ Nxe6 18. dxe6 Bxe6 19. Rad1 Qb6+ 20. Kh2 Rad8 21. exf5 gxf5 22. Rf3 e4 23. Rg3+ Kh7 24. Be2 d5 25. Na4 Qd6 26. Qd4 Rg8 27. Rf1 Rxg3 28.
Kxg3 Rg8+ 29. Kh2 Nc6 30. Qf6 Rg6 31. Qh4 d4 32. Bh5 Rg7 33. Qf6 Qe7 34. Qxe7 Rxe7 35.
b3 d3 36. Nc5 Bf7 37. Bxf7 Rxf7 38. g4 b6 39. Ne6 e3 0-1

[Event "*** Titled Tuesday Blitz"]
[Site "Chess.com"]
[Date "2019.08.06"]
[Round "4"]
[White "chessbia"]
[Black "jlandaw"]
[Result "0-1"]
[WhiteElo "2251"]
[BlackElo "2457"]
[TimeControl "180+2"]
[EndTime "13:48:34 PDT"]
[Termination "jlandaw won by resignation"]

1. d4 d5 2. c4 c6 3. cxd5 cxd5 4. Bf4 Nf6 5. e3 Qb6 6. Nc3 Qxb2 7. Nb5 e5 8. Be2 exf4 9. Nc7+ Kd8 10. Nxa8 Bb4+ 11. Kf1 Ne4 12. Nf3 Nc3 13. Qb3 Qxa1+ 14. Ne1 Qb1 15. exf4 Qxb3 16. axb3 Nxe2 17. Kxe2 Re8+ 18. Kd1 Rxe1+ 19. Rxe1 Bxe1 20. Kxe1 b6 0-1

[Event "*** Titled Tuesday Blitz"]
[Site "Chess.com"]
[Date "2019.08.06"]
[Round "4"]
[White "dianamirza"]
[Black "Poghosyan_Suren"]
[Result "1-0"]
[WhiteElo "2341"]
[BlackElo "2461"]
[TimeControl "180+2"]
[EndTime "13:48:35 PDT"]
[Termination "dianamirza won by resignation"]

1. e4 e6 2. d4 d5 3. Nc3 Bb4 4. e5 c5 5. a3 Bxc3+ 6. bxc3 Ne7 7. Qg4 O-O 8. Bd3 Ng6 9. h4 Nc6 10. h5 Nge7 11. Bh6 g6 12. Bg5 c4 13. Be2 Qc7 14. Bf6 Nf5 15. Qh3 b5 16. g4 Nfxd4 17. cxd4 Nxd4 18. Bd1 c3 19. Qe3 Nb3 20. Qh6 1-0

[Event "*** Titled Tuesday Blitz"]
[Site "Chess.com"]
[Date "2019.08.06"]
[Round "4"]
[White "area_5"]
[Black "GMHess"]
[Result "0-1"]
[WhiteElo "2576"]
[BlackElo "2790"]
[TimeControl "180+2"]
[EndTime "13:48:37 PDT"]
[Termination "GMHess won by resignation"]

1. e4 d6 2. d4 Nf6 3. f3 c6 4.
Be3 Nbd7 5. c4 e5 6. d5 cxd5 7. cxd5 Be7 8. Qd2 O-O 9. Nc3 a6 10. Nge2 b5 11. Ng3 Nb6 12. Bd3 h5 13.
a4 Nc4 14. Bxc4 bxc4 15. a5 h4 16. Nf1 Nh5 17. Ra4 Bd7 18. Bb6 Qc8 19. Ra3 Nf4 20. Nd1 Nd3+ 21. Rxd3 cxd3 22. Qxd3 f5 23. Nfe3 fxe4 24.
fxe4 Bb5 25. Qd2 h3 26. g3 Bg5 27. Nc3 Bxe3 28. Qxe3 Qc4 29. Kd2 Rf6 30. g4 Raf8 31. Qxh3 Rf3 32. Qg2 Rxc3 0-1

[Event "*** Titled Tuesday Blitz"]
[Site "Chess.com"]
[Date "2019.08.06"]
[Round "4"]
[White "Mr_Penings"]
[Black "IMDT02"]
[Result "1-0"]
[WhiteElo "2513"]
[BlackElo "2527"]
[TimeControl "180+2"]
[EndTime "13:48:39 PDT"]
[Termination "Mr_Penings won by resignation"]

1. c4 e6 2. e4 d5 3. exd5 exd5 4.
d4 c6 5. Nc3 Nf6 6. Nf3 Be7 7.
Bd3 O-O 8. O-O dxc4 9. Bxc4 Bg4 10. Be3 Nbd7 11. h3 Bh5 12. Re1 Nb6 13. Bb3 Re8 14. g4 Bg6 15. Ne5 Nfd5 16. f4 f6 17. Nxg6 hxg6 18.
Bf2 Kh8 19. Qf3 Qc7 20. f5 Qf4 21. Qxf4 Nxf4 22. Bf7 Nxh3+ 23. Kg2 Nxf2 24. Kxf2 1-0

[Event "*** Titled Tuesday Blitz"]
[Site "Chess.com"]
[Date "2019.08.06"]
[Round "4"]
[White "csati17"]
[Black "Hrant_ChessMood"]
[Result "0-1"]
[WhiteElo "2498"]
[BlackElo "2942"]
[TimeControl "180+2"]
[EndTime "13:48:42 PDT"]
[Termination "Hrant_ChessMood won by resignation"]

1. c4 e5 2. g3 c6 3. d4 e4 4. Nc3 Nf6 5. Bg2 d5 6. cxd5 cxd5 7. Bg5 Nbd7 8. Rc1 h6 9. Bd2 Qb6 10. e3 Bd6 11. f3 exf3 12. Nxf3 O-O 13. O-O Qd8 14. b3 Re8 15. Nh4 Nb6 16. Nf5 Bf8 17.
Nb5 Bxf5 18. Rxf5 Qd7 19. Qf1 Rac8 20. Rxc8 Nxc8 21. Rxf6 gxf6 22. Qxf6 Qxb5 23. Bf1 Qc6 24. Qf5 Qe6 25. Qh5 Nd6 26. Bh3 Qe4 27. Bg2 Qb1+ 0-1

[Event "*** Titled Tuesday Blitz"]
[Site "Chess.com"]
[Date "2019.08.06"]
[Round "4"]
[White "Alexander_Donchenko"]
[Black "canwedoit"]
[Result "1-0"]
[WhiteElo "2676"]
[BlackElo "2427"]
[TimeControl "180+2"]
[EndTime "13:48:42 PDT"]
[Termination "Alexander_Donchenko won by resignation"]

1. e4 c5 2. Nf3 d6 3. d4 cxd4 4.
Nxd4 Nf6 5. Nc3 Nc6 6. Bg5 Bd7 7.
Qd2 Rc8 8. O-O-O Nxd4 9. Qxd4 Qa5 10. Bd2 a6 11. Kb1 Qc5 12. Qxc5 Rxc5 13. f3 g6 14. Be3 Rc8 15. Bd4 Bg7 16. Nd5 Be6 17. Nxf6+ exf6 18. Be2 Ke7 19. Bc3 Rhd8 20. a3 Bh6 21.
Ba5 Rd7 22. h4 f5 23. exf5 Bxf5 24. Bd3 Bxd3 25. Rxd3 Bf4 26. h5 g5 27. Bc3 Rc4 28. Re1+ Kd8 29. Bf6+ Kc7 30. Re8 Be5 31. Bxe5 dxe5 32.
Rxe5 h6 33. Rf5 Rf4 34. Rxf4 gxf4 35. Rxd7+ Kxd7 36. c4 Ke6 37. Kc2 Kf5 38. Kd3 Kg5 39. Ke4 Kxh5 40. Kxf4 Kg6 41. Ke5 h5 42. b4 1-0

[Event "*** Titled Tuesday Blitz"]
[Site "Chess.com"]
[Date "2019.08.06"]
[Round "4"]
[White "KacperPolOK"]
[Black "Winehouse83"]
[Result "0-1"]
[WhiteElo "2419"]
[BlackElo "2612"]
[TimeControl "180+2"]
[EndTime "13:48:46 PDT"]
[Termination "Winehouse83 won by resignation"]

1. e4 e5 2. Nf3 Nc6 3. Bb5 a6 4.
Ba4 Nf6 5. Qe2 b5 6. Bb3 Bc5 7. c3 d6 8. O-O Bg4 9. h3 Bh5 10. Rd1 O-O 11. d3 h6 12. Nbd2 Qc8 13. Nf1 Ne7 14.
Ng3 Ng6 15. Nf5 d5 16. d4 dxe4 17. Nxh6+ gxh6 18. dxc5 exf3 19. Qc2 fxg2 20. Bxh6 Qxh3 0-1

[Event "*** Titled Tuesday Blitz"]
[Site "Chess.com"]
[Date "2019.08.06"]
[Round "4"]
[White "ArnaudovP"]
[Black "KhazarBabazada"]
[Result "1-0"]
[WhiteElo "2664"]
[BlackElo "2819"]
[TimeControl "180+2"]
[EndTime "13:48:55 PDT"]
[Termination "ArnaudovP won by resignation"]

1. Nf3 Nf6 2. c4 g6 3. Nc3 d5 4. d4 Bg7 5. h4 c6 6. cxd5 cxd5 7. Bg5 O-O 8. e3 Nc6 9. Be2 Ne4 10. O-O Bg4 11. Nxe4 dxe4 12. Nd2 Bxe2 13. Qxe2 Qd5 14. Rfc1 b6 15. Qc4 Qxc4 16. Rxc4 Na5 17. Rc7 Rfc8 18. Rac1 Rxc7 19. Rxc7 f6 20. Bf4 b5 21. b4 Nc4 22. Nxc4 bxc4 23. Rxc4 f5 24. b5 Kf7 25. a4 Ke6 26. Rc6+ Kd7 27. Ra6 Kc8 28.
Bg5 e5 29. d5 Bf8 30. d6 Kd7 31.
b6 Rb8 32. Rxa7+ Kxd6 33. a5 Kc6 34. Be7 Bxe7 35. Rxe7 Kb5 36. Rxe5+ Ka6 37. Kh2 Re8 38. Rxe8 1-0

[Event "*** Titled Tuesday Blitz"]
[Site "Chess.com"]
[Date "2019.08.06"]
[Round "4"]
[White "mishanick"]
[Black "Gareth-Bale11"]
[Result "1-0"]
[WhiteElo "2992"]
[BlackElo "2742"]
[TimeControl "180+2"]
[EndTime "13:48:58 PDT"]
[Termination "mishanick won by resignation"]

1. d4 Nf6 2. c4 e6 3. Nf3 d5 4.
Nc3 Bb4 5. Bg5 dxc4 6. e4 h6 7. Bxf6 Qxf6 8. Bxc4 c5 9. O-O cxd4 10. e5 Qd8 11.
Ne4 O-O 12. Nxd4 Qc7 13. Nf6+ gxf6 14. Qg4+ Kh8 15. Qf4 Qxe5 16. Qxh6+ Kg8 17. f4 Qxd4+ 18. Kh1 f5 19. Rf3 Qg7 20. Rg3 Qxg3 21. hxg3 Re8 22. Qg5+ Kf8 23. g4 Bd7 24. gxf5 exf5 25. Rd1 Be6 26. Qh6+ Ke7 27. Bxe6 Rd8 28. Qg5+ Kxe6 29. Qxd8 Be7 30. Re1+ 1-0

[Event "*** Titled Tuesday Blitz"]
[Site "Chess.com"]
[Date "2019.08.06"]
[Round "4"]
[White "minnesotachessmaster"]
[Black "CMS13"]
[Result "0-1"]
[WhiteElo "1924"]
[BlackElo "1998"]
[TimeControl "180+2"]
[EndTime "13:48:59 PDT"]
[Termination "CMS13 won by resignation"]

1. e4 e5 2. Nf3 Nc6 3. Bb5 a6 4. Ba4 Nf6 5. O-O d6 6. d4 b5 7. dxe5 Nxe5 8. Nxe5 dxe5 9. Qxd8+ Kxd8 10. Bb3 Ke8 11.
Bg5 Bd6 12. Bxf6 gxf6 13. Nc3 c6 14. Rad1 Ke7 15. a3 Be6 16. Rd3 Bxb3 17. cxb3 Rad8 18. Ne2 Bc7 19. Rfd1 Ke6 20. Ng3 Rxd3 21. Rxd3 Rd8 22. Rxd8 Bxd8 23. Kf1 Bb6 24. Ne2 Bd4 25.
Nxd4+ exd4 26. Ke2 Ke5 27. Kd3 c5 28. g3 f5 29. f4+ Ke6 30. e5 a5 31. b4 axb4 32. axb4 Kd5 33. bxc5 Kxc5 34. h3 h5 0-1

[Event "*** Titled Tuesday Blitz"]
[Site "Chess.com"]
[Date "2019.08.06"]
[Round "4"]
[White "vlad10898"]
[Black "David_Paravyan"]
[Result "0-1"]
[WhiteElo "2636"]
[BlackElo "2894"]
[TimeControl "180+2"]
[EndTime "13:49:00 PDT"]
[Termination "David_Paravyan won by resignation"]

1. e4 e5 2. Nf3 Nc6 3. Bc4 Nf6 4. d3 Bc5 5. O-O d6 6. c3 a6 7. Bb3 Ba7 8. Nbd2 h6 9. Re1 O-O 10. h3 Re8 11. Nf1 Be6 12. Bc2 d5 13. exd5 Qxd5 14. Ng3 Rad8 15. Bd2 a5 16. a3 b5 17. b4 Bb6 18. Qe2 Ra8 19. Nh4 axb4 20. axb4 Rxa1 21. Rxa1 Nxb4 22. cxb4 Qd4 23. Re1 Qxh4 24. Qxe5 Bd7 0-1

[Event "*** Titled Tuesday Blitz"]
[Site "Chess.com"]
[Date "2019.08.06"]
[Round "4"]
[White "Witaliss"]
[Black "tonyq11"]
[Result "1-0"]
[WhiteElo "2392"]
[BlackElo "2212"]
[TimeControl "180+2"]
[EndTime "13:49:05 PDT"]
[Termination "Witaliss won by resignation"]

1. d4 d5 2. c4 e6 3. Nc3 Nf6 4. cxd5 exd5 5. Bg5 Be7 6. e3 c6 7. Bd3 O-O 8. Qc2 Nbd7 9. Nf3 Re8 10. h3 h6 11. Bf4 Nf8 12. O-O-O Ne6 13. Bh2 a5 14. g4 b5 15. Ne5 Bd7 16. f4 a4 17.
f5 Nf8 18. h4 b4 19. Nxa4 Ne4 20. Bxe4 dxe4 21. Kb1 Qa5 22. b3 c5 23. Nxc5 Bxc5 24. dxc5 Bb5 25. Rd2 Rxe5 26. Bxe5 Bd3 27. Rxd3 exd3 28. Qd2 Qxc5 29. Bd4 Qc2+ 30. Qxc2 dxc2+ 31. Kb2 Nd7 32. Rc1 g6 33. Rxc2 gxf5 34. gxf5 f6 35.
Rc7 Ne5 36. Bxe5 fxe5 37. Re7 Ra5 38. h5 Rc5 39. e4 Ra5 40. Rb7 Rc5 41. Rxb4 Kf7 42.
Rb6 1-0

[Event "*** Titled Tuesday Blitz"]
[Site "Chess.com"]
[Date "2019.08.06"]
[Round "4"]
[White "ChrisTool2"]
[Black "tteshan"]
[Result "1-0"]
[WhiteElo "2283"]
[BlackElo "2181"]
[TimeControl "180+2"]
[EndTime "13:49:07 PDT"]
[Termination "ChrisTool2 won by checkmate"]

1. d4 Nf6 2. c4 e6 3. Nf3 b6 4. a3 Bb7 5. Nc3 Be7 6. Qc2 d6 7. g3 Nbd7 8. Bg2 c5 9. d5 exd5 10. Nh4 Ne4 11. Nf5 Nxc3 12. Nxg7+ Kf8 13. Bh6 Kg8 14. bxc3 Bf6 15. Nf5 Ne5 16. cxd5 Ng4 17. Bf4 Be5 18. Bf3 Bxf4 19. gxf4 Nf6 20. Rg1+ Kf8 21. O-O-O Rg8 22. Rxg8+ Kxg8 23. Rg1+ Kf8 24. e4 Qd7 25. c4 a6 26. Qb2 Qd8 27. e5 dxe5 28. fxe5 Ng8 29. e6 fxe6 30. Rxg8+ Kxg8 31. Qg7# 1-0

[Event "*** Titled Tuesday Blitz"]
[Site "Chess.com"]
[Date "2019.08.06"]
[Round "4"]
[White "RoelandPruijssers"]
[Black "Dhaydon19"]
[Result "0-1"]
[WhiteElo "2481"]
[BlackElo "2605"]
[TimeControl "180+2"]
[EndTime "13:49:11 PDT"]
[Termination "Dhaydon19 won by resignation"]

1. e4 e6 2. d4 d5 3. e5 c5 4. c3 cxd4 5. cxd4 Nc6 6. Nf3 Nge7 7. Na3 Nf5 8. Nc2 Bd7 9. Bd3 g6 10. O-O Bg7 11. Bg5 Qb6 12. Bxf5 gxf5 13. Qd2 h6 14.
Bh4 Rc8 15. Qf4 Na5 16. Ne3 Nc4 17. b3 Nxe3 18. fxe3 Rc2 19. Ne1 Rc3 20. Rf2 O-O 21. Bf6 Bxf6 22. exf6 Kh7 23. Nf3 Rg8 24. Ne5 Be8 25.
Rf3 Qd8 26. Qh4 Rg5 27. Qe1 Rc8 28. Qb4 Rc2 29. g3 Qxf6 30. Qxb7 Rh5 31. h4 Rxh4 32.
Nxf7 Bxf7 33. gxh4 Qg7+ 0-1

[Event "*** Titled Tuesday Blitz"]
[Site "Chess.com"]
[Date "2019.08.06"]
[Round "4"]
[White "dawtonlms"]
[Black "Ravan_02"]
[Result "0-1"]
[WhiteElo "2417"]
[BlackElo "2604"]
[TimeControl "180+2"]
[EndTime "13:49:12 PDT"]
[Termination "Ravan_02 won on time"]

1. e4 e5 2. Nf3 Nc6 3. d4 exd4 4.
Bc4 Nf6 5. e5 d5 6. Bb5 Ne4 7.
Nxd4 Bd7 8. Bxc6 bxc6 9. O-O Be7 10. f3 Nc5 11. f4 f5 12. exf6 Bxf6 13. Re1+ Kf7 14.
f5 Re8 15. Rf1 Kg8 16. Nc3 Qb8 17. Kh1 Qb4 18. Nde2 Qh4 19. Bf4 Bxf5 20. Bg3 Qh5 21. Qd2 Ne4 22. Qf4 Bg4 23. Ng1 Be5 0-1

[Event "*** Titled Tuesday Blitz"]
[Site "Chess.com"]
[Date "2019.08.06"]
[Round "4"]
[White "MFguimaraes"]
[Black "Hanging_pointer"]
[Result "0-1"]
[WhiteElo "2272"]
[BlackElo "2483"]
[TimeControl "180+2"]
[EndTime "13:49:15 PDT"]
[Termination "Hanging_pointer won by resignation"]

1. e4 c5 2. f4 d5 3. Nc3 Nf6 4. e5 d4 5. exf6 dxc3 6. fxg7 cxd2+ 7. Qxd2 Qxd2+ 8. Bxd2 Bxg7 9. O-O-O Nc6 10. Bb5 Bd7 11. Nf3 a6 12. Bxc6 Bxc6 13. Ne5 Bxe5 14. fxe5 Bxg2 15.
Rhg1 Be4 16. Rde1 Bg6 17. e6 f6 18. Ba5 Rb8 19. Bb6 Rc8 20. Rd1 O-O 21. Rd7 Rc6 22. Rxb7 Rxe6 23. Bxc5 Rc8 24. Rxe7 Rxe7 25. Bxe7 Rxc2+ 26. Kd1 Rxb2 27. Bxf6 Rb1+ 0-1

[Event "*** Titled Tuesday Blitz"]
[Site "Chess.com"]
[Date "2019.08.06"]
[Round "4"]
[White "Everyfishknows"]
[Black "stoleriu"]
[Result "1-0"]
[WhiteElo "2406"]
[BlackElo "2504"]
[TimeControl "180+2"]
[EndTime "13:49:18 PDT"]
[Termination "Everyfishknows won by resignation"]

1. Nf3 Nf6 2. c4 e6 3. g3 b6 4. Bg2 Bb7 5. O-O c5 6. b3 Be7 7. Bb2 O-O 8. e3 Nc6 9. Nc3 Rc8 10. Qe2 Qc7 11. d4 cxd4 12. exd4 d5 13. cxd5 exd5 14. Rac1 Rfe8 15. Qd2 Qb8 16. Rfe1 Bb4 17. Qg5 Ne4 18.
Nxe4 dxe4 19. d5 f6 20. Bxf6 Rc7 21. dxc6 exf3 22. Rxe8+ Qxe8 23. Bxf3 Ba3 24. Rd1 Bxc6 25. Rd8 1-0

[Event "*** Titled Tuesday Blitz"]
[Site "Chess.com"]
[Date "2019.08.06"]
[Round "4"]
[White "Adham_Fawzy"]
[Black "NTBT_DHS"]
[Result "1-0"]
[WhiteElo "2729"]
[BlackElo "2662"]
[TimeControl "180+2"]
[EndTime "13:49:20 PDT"]
[Termination "Adham_Fawzy won by resignation"]

1. e4 c5 2. Nf3 d6 3. d4 cxd4 4.
Nxd4 Nf6 5. Nc3 g6 6. Be3 Bg7 7. f3 O-O 8. Qd2 Nc6 9. O-O-O d5 10. Qe1 e5 11. Nxc6 bxc6 12. exd5 Nxd5 13. Bc4 Be6 14. Kb1 Rb8 15. Ne4 Qc7 16. Bc5 Rfd8 17. h4 h6 18. Bb3 a5 19. h5 a4 20. Bxa4 f5 21. Nd6 Rxd6 22. Bxd6 Qxd6 23. Bb3 Qe7 24.
hxg6 Qf6 25. Qh4 Qxg6 26. Qa4 Bf7 27. Qa7 Rd8 28. c4 e4 29. cxd5 Qxg2 30. Bc2 cxd5 31. Rhg1 Qh2 32. Qd4 Bg6 33. Rxg6 Rd7 34. Rdg1 1-0

[Event "*** Titled Tuesday Blitz"]
[Site "Chess.com"]
[Date "2019.08.06"]
[Round "4"]
[White "tgpgoat"]
[Black "Caisachess"]
[Result "0-1"]
[WhiteElo "1965"]
[BlackElo "2301"]
[TimeControl "180+2"]
[EndTime "13:49:21 PDT"]
[Termination "Caisachess won by resignation"]

1. e4 e5 2. Nf3 Nc6 3. Bc4 Bc5 4.
d3 Nf6 5. c3 d6 6. O-O h6 7. h3 O-O 8. Bb3 a5 9. Re1 Be6 10. Bc2 Qb8 11. Nbd2 Qa7 12. Qe2 Rfe8 13. Nf1 d5 14. Be3 d4 15. Bd2 a4 16. Ng3 a3 17. b4 dxc3 18. Bxc3 Bxb4 19. Bxb4 Nxb4 20. Nxe5 Qd4 21. Nc4 Red8 22. Red1 b6 23. Kh2 b5 24. Ne3 c5 25. Nef5 Qe5 26. Bb3 Bxf5 27. exf5 Qxe2 28.
Nxe2 Nxd3 29. Rd2 c4 30. Bc2 Nxf2 31. Nd4 N2e4 32. Rdd1 Nc3 33. Rd2 b4 34. Bd1 Nfe4 0-1

[Event "*** Titled Tuesday Blitz"]
[Site "Chess.com"]
[Date "2019.08.06"]
[Round "4"]
[White "iturrizaga"]
[Black "yoolund"]
[Result "1-0"]
[WhiteElo "2937"]
[BlackElo "2638"]
[TimeControl "180+2"]
[EndTime "13:49:22 PDT"]
[Termination "iturrizaga won by resignation"]

1. Nf3 g6 2. c4 Bg7 3. Nc3 d6 4. d4 Bg4 5. g3 Nc6 6. d5 Bxf3 7. exf3 Ne5 8. Be3 Nf6 9. Be2 O-O 10. f4 Ned7 11. h4 c6 12. h5 cxd5 13. cxd5 a6 14. hxg6 fxg6 15. Kf1 Rc8 16. Kg2 Nc5 17. Bf3 b5 18.
Ne2 Qd7 19. Nd4 e5 20. dxe6 Nxe6 21. Nxe6 Qxe6 22. Qd3 d5 23. Rad1 Rfd8 24. Bd4 Ne4 25. Rhe1 Bxd4 26. Qxd4 Qf6 27. Rxe4 dxe4 28. Qxf6 exf3+ 29. Kxf3 1-0

[Event "*** Titled Tuesday Blitz"]
[Site "Chess.com"]
[Date "2019.08.06"]
[Round "4"]
[White "chedimir"]
[Black "Slovak_fighter2000"]
[Result "0-1"]
[WhiteElo "2273"]
[BlackElo "2480"]
[TimeControl "180+2"]
[EndTime "13:49:24 PDT"]
[Termination "Slovak_fighter2000 won by resignation"]

1. c4 e5 2. Nf3 e4 3. Nd4 Nc6 4.
e3 Nxd4 5. exd4 Nf6 6. Nc3 Bb4 7. a3 Bxc3 8. dxc3 h6 9. Be3 O-O 10. g4 d5 11. Rg1 Qd6 12. h4 Qh2 13. Rg3 Qxh4 14. g5 Ng4 15. gxh6 Nxe3 16. Rxe3 Bg4 17. hxg7 Bxd1 18. gxf8=Q+ Kxf8 19. Rxd1 f5 20. cxd5 Re8 21.
c4 f4 22. Rh3 Qf6 23. c5 e3 24. Rd3 Re4 25. Be2 Rxd4 26. fxe3 Rxd3 27. Bxd3 Qxb2 28.
d6 cxd6 29. cxd6 Qxa3 30. d7 Qxd3 31. d8=Q+ Qxd8 32. Rh8+ Ke7 33. Rxd8 Kxd8 34. exf4 Ke7 0-1

[Event "*** Titled Tuesday Blitz"]
[Site "Chess.com"]
[Date "2019.08.06"]
[Round "4"]
[White "resha1988"]
[Black "GadimbayliA"]
[Result "0-1"]
[WhiteElo "2778"]
[BlackElo "2890"]
[TimeControl "180+2"]
[EndTime "13:49:32 PDT"]
[Termination "GadimbayliA won by resignation"]

1. d4 Nf6 2. c4 b6 3. Nc3 Bb7 4. Qc2 d5 5. Nf3 e6 6. Bg5 Be7 7.
e3 O-O 8. Bxf6 Bxf6 9. cxd5 exd5 10. Bd3 g6 11. h4 c5 12. h5 cxd4 13. exd4 Re8+ 14.
Kf1 Kg7 15. Qd2 Kg8 16. hxg6 hxg6 17. Qh6 Bg7 18. Qh7+ Kf8 19. Rh4 Nd7 20. Rf4 Nf6 21.
Qh4 Nh5 22. Rxf7+ Kxf7 23. Ng5+ Kg8 24. Bxg6 Nf6 25. Bf7+ Kf8 26. Bxe8 Qxe8 27. f3 Qe3 28. a4 Ba6+ 29. Nb5 Re8 0-1

[Event "*** Titled Tuesday Blitz"]
[Site "Chess.com"]
[Date "2019.08.06"]
[Round "4"]
[White "Supernotar"]
[Black "hamelekh"]
[Result "1-0"]
[WhiteElo "2628"]
[BlackElo "2632"]
[TimeControl "180+2"]
[EndTime "13:49:32 PDT"]
[Termination "Supernotar won by resignation"]

1. d4 d5 2. c4 Nc6 3. Nc3 dxc4 4. d5 Ne5 5. Bf4 Ng6 6. Bg3 e5 7.
e4 Bd6 8. Bxc4 a6 9. Nge2 Nf6 10. h3 O-O 11. O-O Nh5 12. Bh2 Qf6 13. Qd2 Ngf4 14. Nxf4 Nxf4 15. Ne2 Nxh3+ 16. gxh3 Bxh3 17. Qe3 Qg6+ 18.
Bg3 Bxf1 19. Rxf1 Rae8 20. Bd3 Qf6 21. Kg2 h6 22. Rh1 Be7 23. Ng1 Bd6 24. Nf3 g5 25.
Nd2 Kg7 26. Be2 Rh8 27. Rh5 Qe7 28. Bg4 Bc5 29. Qf3 Bd4 30. b3 b5 31. Nf1 Qa3 32. Bh2 Qxa2 33. Ng3 Qb2 34. Nf5+ Kg6 35. Rh3 Qxf2+ 36.
Qxf2 Bxf2 37. Bh5+ Kh7 38. Kxf2 Ref8 39. Bxe5 f6 40.
Bxc7 1-0

[Event "*** Titled Tuesday Blitz"]
[Site "Chess.com"]
[Date "2019.08.06"]
[Round "4"]
[White "underdogchss"]
[Black "ChadBiryani"]
[Result "1-0"]
[WhiteElo "2511"]
[BlackElo "2380"]
[TimeControl "180+2"]
[EndTime "13:49:41 PDT"]
[Termination "underdogchss won by resignation"]

1. d4 Nf6 2. Nf3 g6 3. c4 Bg7 4. Nc3 d6 5. e4 O-O 6. h3 e5 7. d5 Ne8 8. h4 f5 9. h5 f4 10.
hxg6 hxg6 11. Be2 g5 12. Nh2 Nf6 13. Ng4 Na6 14. a3 Bd7 15. b4 Qe7 16. Bb2 Kf7 17.
Nxf6 Qxf6 18. Bg4 Bxg4 19. Qxg4 Ke7 20. Rh7 Rh8 21. Rxh8 Rxh8 22. Nb5 Rh1+ 23. Ke2 Rxa1 24. Bxa1 Qf8 25. Qe6+ Kd8 26. Nxa7 f3+ 27. gxf3 Qf4 28. Qg8+ Bf8 29. Bc3 Nb8 30. Bd2 1-0

[Event "*** Titled Tuesday Blitz"]
[Site "Chess.com"]
[Date "2019.08.06"]
[Round "4"]
[White "MFBerna"]
[Black "rst2003"]
[Result "0-1"]
[WhiteElo "2377"]
[BlackElo "2272"]
[TimeControl "180+2"]
[EndTime "13:49:42 PDT"]
[Termination "rst2003 won by checkmate"]

1. e4 c5 2. Nf3 d6 3. d4 cxd4 4. Nxd4 Nf6 5. Nc3 a6 6. Bc4 e6 7. O-O b5 8. Bb3 Be7 9. Re1 O-O 10. a4 b4 11. Nb1 Bb7 12. Nd2 Nbd7 13. f3 Qc7 14. Nf1 d5 15. exd5 Nxd5 16. Ne3 N7f6 17. Nxd5 Nxd5 18. Kh1 Bd6 19. h3 Rad8 20. Qe2 Bc5 21. Rd1 Qg3 22. Qc4 Bd6 23. f4 Nxf4 24.
Rd2 Bxg2+ 25. Kg1 Nxh3# 0-1

[Event "*** Titled Tuesday Blitz"]
[Site "Chess.com"]
[Date "2019.08.06"]
[Round "4"]
[White "politeplayer"]
[Black "Jahonas"]
[Result "0-1"]
[WhiteElo "2240"]
[BlackElo "2390"]
[TimeControl "180+2"]
[EndTime "13:49:42 PDT"]
[Termination "Jahonas won by resignation"]

1. e4 c6 2. d4 d5 3. exd5 cxd5 4. c4 Nf6 5. Nc3 Nc6 6. Nf3 Bg4 7. cxd5 Nxd5 8.
Bb5 Bxf3 9. Qxf3 e6 10. Bxc6+ bxc6 11. O-O Be7 12. Ne4 O-O 13. Bd2 Rb8 14. b3 Qb6 15.
Qd3 Rbd8 16. Rac1 Rd7 17. Nc5 Bxc5 18. dxc5 Qc7 19. Qg3 Qxg3 20. hxg3 Rb8 21. Rfd1 f6 22. Bf4 e5 23. Bd2 Rdb7 24. f3 Rb5 25. Kf2 a5 26. a4 Rxb3 27. Bxa5 Rb2+ 28. Kg1 Ra8 29. Be1 Rxa4 30. Ra1 Rxa1 31. Rxa1 Rc2 32. Bf2 Nb4 33. Ra7 Nd3 34. Be3 Re2 35. Rc7 Rxe3 36. Rxc6 Re1+ 37. Kh2 Rc1 0-1

[Event "*** Titled Tuesday Blitz"]
[Site "Chess.com"]
[Date "2019.08.06"]
[Round "4"]
[White "champ2005"]
[Black "fm24601"]
[Result "1-0"]
[WhiteElo "2875"]
[BlackElo "2598"]
[TimeControl "180+2"]
[EndTime "13:49:43 PDT"]
[Termination "champ2005 won by resignation"]

1. e4 e5 2. Nf3 Nc6 3. Bb5 a6 4. Ba4 Nf6 5. O-O Be7 6. Re1 b5 7. Bb3 d6 8. c3 O-O 9. h3 Na5 10. Bc2 c5 11. d4 Qc7 12. d5 Nb7 13. Nbd2 Nd8 14. Nf1 Ne8 15. g4 g6 16. Ng3 f6 17.
Kh2 Nf7 18. b4 Ng7 19. Be3 Bd7 20. Qd2 Qc8 21. a4 Bd8 22. axb5 axb5 23. Rxa8 Qxa8 24.
bxc5 dxc5 25. Bxc5 Re8 26. Bd3 Qc8 27. Bb4 Bb6 28. Qe2 f5 29. gxf5 gxf5 30. Rg1 Kh8 31. exf5 e4 32. Bxe4 Nxf5 33. Nxf5 Bxf5 34. c4 Bc7+ 35. d6 Ne5 36. Nxe5 Rxe5 37. Qb2 Qe8 38. dxc7 1-0

[Event "*** Titled Tuesday Blitz"]
[Site "Chess.com"]
[Date "2019.08.06"]
[Round "4"]
[White "Bathory44"]
[Black "BilodeauA"]
[Result "1/2-1/2"]
[WhiteElo "2588"]
[BlackElo "2901"]
[TimeControl "180+2"]
[EndTime "13:49:51 PDT"]
[Termination "Game drawn by repetition"]

1. e4 c5 2. c3 Qa5 3. Nf3 Nc6 4. Na3 e6 5. d4 cxd4 6. Nc4 Qc7 7. cxd4 d5 8. exd5 exd5 9. Nce5 Bd6 10. Bd3 Nge7 11.
O-O Nxd4 12. Nxf7 Nxf3+ 13. Qxf3 Bxh2+ 14. Kh1 Rf8 15. Bb5+ Bd7 16. Bxd7+ Qxd7 17. Kxh2 Rxf7 18. Qa3 Qg4 19. Kg1 Nc6 20. Re1+ Kd7 21. Qb3 Qf5 22.
Be3 Kc7 23. Red1 Rd8 24. Rac1 d4 25. Rxd4 Rxd4 26. Bxd4 a6 27. Be5+ Kc8 28. Rxc6+ bxc6 29. Qb8+ Kd7 30. Qc7+ Ke8 31. Qb8+ Kd7 32. Qc7+ Ke8 33. Qb8+ Kd7 1/2-1/2

[Event "*** Titled Tuesday Blitz"]
[Site "Chess.com"]
[Date "2019.08.06"]
[Round "4"]
[White "KazakhFighter04"]
[Black "joppie2"]
[Result "1/2-1/2"]
[WhiteElo "2739"]
[BlackElo "2889"]
[TimeControl "180+2"]
[EndTime "13:49:55 PDT"]
[Termination "Game drawn by agreement"]

1. e4 c5 2. Nf3 d6 3. d4 cxd4 4. Nxd4 Nf6 5. Nc3 a6 6. Be3 e5 7. Nf3 Be7 8. Bc4 O-O 9. O-O Nc6 10. Re1 Be6 11. Bb3 b5 12. Bg5 h6 13. Bxf6 Bxf6 14. Nd5 Rc8 15. c3 Be7 16. Nd2 Na5 17. Nf1 Bg5 18. g3 Kh8 19. h4 Be7 20. Nfe3 Nb7 21. a4 Nc5 22. axb5 axb5 23. Ra7 Re8 24.
Bc2 Bf8 25. Qf3 Nd7 26. Bd3 Rb8 27. b4 Nf6 28. Nxf6 Qxf6 29. Qxf6 gxf6 30. Nd5 Bxd5 31. exd5 Rec8 32. Rxf7 Rxc3 33. Rh7+ Kg8 34. Bf5 Rf3 35. Be4 f5 36. Bxf3 Kxh7 37. Be2 e4 38. Ra1 Bg7 39.
Ra5 Bc3 40. Rxb5 Rxb5 41. Bxb5 Bxb4 42. Kg2 1/2-1/2